 Dungeon Crawl Stone Soup version 0.23-a0-844-gdc03e01 (console) character file.

34 bli the Skirmisher (level 3, -3/29 HPs)
             Began as a Formicid Abyssal Knight on Jan 26, 2019.
             Was a Follower of Lugonu.
             Slain by a goblin
             ... wielding a cursed -2 club
             ... led by Robin
              (4 damage)
             ... on level 2 of the Dungeon.
             The game lasted 00:02:26 (1047 turns).

bli the Skirmisher (Formicid Abyssal Knight)        Turns: 1047, Time: 00:02:27

Health: -3/29      AC:  3    Str: 16    XL:     3   Next: 50%
Magic:  4/4        EV: 11    Int: 11    God:    Lugonu [*.....]
Gold:   83         SH:  0    Dex: 11    Spells: 2/2 levels left

rFire    . . .     SeeInvis +   a - +1 hand axe
rCold    . . .     Gourm    .   (no shield)
rNeg     . . .     Faith    .   b - +0 leather armour
rPois    .         Spirit   .   (helmet unavailable)
rElec    .         Reflect  .   (no cloak)
rCorr    .         Harm     .   (no gloves)
MR       .....                  (no boots)
Stlth    +.........             (no amulet)
HPRegen  0.09/turn              (no ring)
MPRegen  0.09/turn              (no ring)

@: no status effects
A: permanent stasis, dig shafts and tunnels, four strong arms, antennae 3
a: Dig, Shaft Self, Depart the Abyss, Renounce Religion


You were on level 2 of the Dungeon.
You worshipped Lugonu.
Lugonu was aware of your devotion.
You were hungry.

You visited 1 branch of the dungeon, and saw 2 of its levels.
You visited the Abyss 1 time.

You collected 83 gold pieces.

Inventory:

Hand Weapons
 a - a +1 hand axe (weapon)
 l - a +0 mace
Missiles
 d - 11 sling bullets
 j - 68 stones
 m - 7 javelins (quivered)
Armour
 b - a +0 leather armour (worn)
Scrolls
 f - a scroll of remove curse {unknown}
 h - a scroll of random uselessness {unknown}
 k - 2 scrolls of identify {unknown}
Potions
 e - a potion of heal wounds {unknown}
 g - 2 potions of curing {unknown}
Comestibles
 c - 5 rations
 i - 2 chunks of flesh


   Skills:
 + Level 3.5 Fighting
 + Level 3.3 Axes
 - Level 2.1 Armour
 + Level 1.0 Dodging
 - Level 2.1 Invocations


You had 2 spell levels left.
You didn't know any spells.
Your spell library was empty.

Dungeon Overview and Level Annotations

Branches:
Dungeon (2/15)

Altars:
Ashenzari

Annotations:
D:2 Robin


Innate Abilities, Weirdness & Mutations

You cannot be hasted, slowed, berserked, paralysed or teleported.
You can dig through walls and to a lower floor.
Your four strong arms can wield two-handed weapons with a shield.
You have a pair of large antennae on your head. (SInv)


Message History

The goblin no longer looks unusually strong. x2
The goblin hits you with a +0 dagger.
Robin says, "A pitiful Ant like you will never find the ORB!"
You hit the goblin.
You kill the goblin!
Lugonu accepts your kill.
You closely miss the goblin.
The goblin no longer looks unusually strong.
The goblin hits you with a cursed -1 dagger.
Robin throws the goblin at you!
* * * LOW HITPOINT WARNING * * *
A hobgoblin comes into view. It is wielding a +0 club.
The goblin hits you with a cursed -2 club.
* * * LOW HITPOINT WARNING * * *
The goblin hits you with a cursed -1 dagger.
* * * LOW HITPOINT WARNING * * *
The hobgoblin moves out of view.
You closely miss the goblin. x2
The goblin hits you with a cursed -2 club.
You die...

#... _ .....
... .... ....
#### ....
.....#... ..#
#.⌠#..##^.##
...##...#....#
#..{gg<..#
#...{gg#.#
#.#.##g# #
.g... #@# #
#.# #g# g..
#.. #g# ###.
.g .. .. ##.
#.


You could see Robin, a hobgoblin and 4 goblins.

Vanquished Creatures
  An ooze (D:1)
  A leopard gecko (D:1)
  9 goblins
  4 hobgoblins
  2 jackals (D:1)
  A ball python (D:1)
  2 bats (D:1)
  2 frilled lizards (D:1)
  2 kobolds (D:1)
  2 rats (D:1)
26 creatures vanquished.

Notes
Turn   | Place    | Note
-------+----------+-------------------------------------------
     0 | Abyss:1  | bli the Formicid Abyssal Knight began the quest for the
                  | Orb.
     0 | Abyss:1  | Reached XP level 1. HP: 18/18 MP: 2/2
    70 | Abyss:2  | Found a corrupted altar of Lugonu.
    81 | Abyss:2  | Noticed a starcursed mass
    84 | D:1      | Escaped the Abyss
   378 | D:1      | Reached XP level 2. HP: 14/24 MP: 3/3
   616 | D:1      | Reached * piety under Lugonu
   719 | D:1      | Reached XP level 3. HP: 25/29 MP: 4/4
  1028 | D:2      | Found a shattered altar of Ashenzari.
  1028 | D:2      | Noticed Robin
  1030 | D:2      | Reached skill level 1 in Dodging
  1046 | D:2      | HP: 1/29 [goblin/cursed -1 dagger[Robin] (3)]
  1047 | D:2      | Slain by a goblin

Vault maps used:
D:1:      nzn_arrival_depleted_hourglass
D:2:      evilmike_ruin_ashenzari, kennysheep_decorative_pillar,
          kennysheep_jessica_study, uniq_sigmund, uniq_robin
Abyss:2:  hangedman_abyss_mock_shop

Skill      XL: |  1  2  3 |
---------------+----------+-----
Axes           | 3 |  3.3
Dodging        | 1 |  1.0
Fighting       | |  3.5
Armour         | |  2.1
Invocations    | |  2.1

Action                   || total
-------------------------++-------
Melee: Hand axe          ||    87
Throw: Javelin           ||     1
Invok: Depart the Abyss  ||     1
 Abil: Dig               ||     1
Armor: Leather armour    ||    35
Dodge: Dodged            ||    65

Table legend:
 A = Non-vault XP
 B = Vault XP
 C = Vault XP percentage of total XP
 D = Non-vault monster count
 E = Vault monster count
 F = Vault count percentage of total count
                 A         B        C        D         E       F
            +---------+---------+-------+---------+---------+-------
      Total |      37 |      12 |  24.5 |      20 |       6 |  23.1
            +---------+---------+-------+---------+---------+-------
        D:1 |      37 |       0 |   0.0 |      20 |       0 |   0.0
        D:2 |       0 |      12 | 100.0 |       0 |       6 | 100.0
            +---------+---------+-------+---------+---------+-------
